 Dungeon Crawl Stone Soup version 0.26.1-11-gd32895ea62 (webtiles) character file.

Game seed: 13385040945784063656

1344 Almogavar the Spear-Bearer (level 8, -12/62 HPs)
             Began as a Merfolk Gladiator on June 5, 2021.
             Was a Follower of Nemelex Xobeh.
             Mangled by an orc warrior
             ... wielding a +1 dire flail of protection
              (15 damage)
             ... on level 6 of the Dungeon.
             The game lasted 00:21:22 (5109 turns).

Almogavar the Spear-Bearer (Merfolk Gladiator)      Turns: 5109, Time: 00:21:22

Health: -12/62     AC: 10    Str: 15    XL:     8   Next: 62%
Magic:  8/8        EV: 16    Int:  7    God:    Nemelex Xobeh [*.....]
Gold:   355        SH:  4    Dex: 17    Spells: 7/7 levels left

rFire    + . .     SeeInvis .   a - +0 trident
rCold    + . .     Faith    .   v - +0 buckler
rNeg     . . .     Spirit   .   e - +2 robe {Will+}
rPois    +         Reflect  .   c - +0 helmet
rElec    +         Harm     .   (no cloak)
rCorr    +         Rampage  .   l - +0 pair of gloves (curse)
Will     +....                  (no boots)
Stlth    +++.......             m - amulet of regeneration
HPRegen  0.60/turn              g - ring of poison resistance
MPRegen  0.11/turn              D - +4 ring of protection

@: resistant
A: change form in water, swift swim, stealthy swim
a: Renounce Religion, Draw Escape, Draw Destruction, Draw Summoning


You were on level 6 of the Dungeon.
You worshipped Nemelex Xobeh.
Nemelex Xobeh was aware of your devotion.
You visited 2 branches of the dungeon, and saw 8 of its levels.

You collected 355 gold pieces.

Inventory:

Hand Weapons
 a - a +0 trident (weapon)
Missiles
 d - 4 throwing nets (quivered)
Armour
 c - a +0 helmet (worn)
 e - a +2 robe of willpower (worn)
 i - a +1 robe of cold resistance
 l - a cursed +0 pair of gloves (worn)
 o - a +0 scale mail
 v - a +0 buckler (worn)
Jewellery
 g - a ring of poison resistance (left hand)
 m - an amulet of regeneration (around neck)
 q - an uncursed ring of magical power
 D - a +4 ring of protection (right hand)
Wands
 y - a wand of paralysis (3)
 F - a wand of digging (8)
Scrolls
 b - a scroll of amnesia
 f - a scroll of random uselessness {unknown}
 h - a scroll of blinking
 j - 4 scrolls of remove curse
 k - 6 scrolls of teleportation
 n - a scroll of enchant weapon
 p - a scroll of fog
 s - a scroll of enchant armour {unknown}
 u - a scroll of magic mapping {unknown}
 z - 2 scrolls of noise {unknown}
 C - 2 scrolls of fear {unknown}
Potions
 r - a potion of lignification
 t - a potion of brilliance
 w - a potion of resistance
 x - a potion of heal wounds {unknown}
 A - a potion of flight {unknown}
 B - a potion of might {unknown}
 E - a potion of mutation {unknown}


   Skills:
 + Level 5.2 Fighting
 + Level 10.6 Polearms
 + Level 2.1 Throwing
 + Level 0.9 Armour
 + Level 7.0 Dodging
 + Level 3.8 Stealth
 + Level 1.3 Shields


You had 7 spell levels left.
You didn't know any spells.
Your spell library was empty.

Dungeon Overview and Level Annotations

Branches:
Dungeon (7/15)             Temple (1/1) D:4

Altars:
Ashenzari
Cheibriados
Dithmenos
Elyvilon
Fedhas
Gozag
Kikubaaqudgha
Makhleb
Nemelex Xobeh
Sif Muna
Trog
Uskayaw
Vehumet
Wu Jian
Yredelemnul
Zin
The Shining One
Lugonu

Shops:
D:6 *[?

Annotations:
D:3 2 transporters, Blebati's ghost, amateur HuWn


Message History

* * * LOW HITPOINT WARNING * * *
You hit the orc warrior.
The orc warrior is severely wounded.
You see here a +0 giant club.
You feel better.
The orc warrior hits you with a +1 dire flail of protection!
* * * LOW HITPOINT WARNING * * *
You barely miss the orc warrior.
The orc warrior is severely wounded.
The orc warrior completely misses you.
You closely miss the orc warrior.
The orc warrior is severely wounded.
The orc warrior closely misses you.
It was a potion of resistance.
You feel protected.
You hit the orc warrior but do no damage.
The orc warrior is severely wounded.
The orc warrior hits you with a +1 dire flail of protection!
You die...
Your body disappears without a glow.

#.####.#
#####.####.#######
#.................
##.###.####.#######
#..............####
#..###.#####.#.#...
#..# #.# #.#....#
#####..# #.# #.#....#
#.....@###.#####.#....#
#.####o÷......##.#.#'##
#.# ##)###.##.##.#.#...
#.###.>......>.........
#.#.#.....###.##.#.###.
#.#.#............#.....
#.....####.##..........
#.#.######.....#.......
#.#<.#......##.#......#


You could see an orc warrior.

Vanquished Creatures
  Grinder (D:3)
  Sigmund (D:3)
  An ogre (D:6)
  A big kobold (D:4)
  A bullfrog (D:6)
  A howler monkey (D:4)
  A bullfrog zombie (D:5)
  A quasit (D:6)
  A jelly (D:6)
  4 orc priests
  2 orc wizards
  Natasha (D:2)
  2 iguanas (D:4)
  A worker ant (D:3)
  2 hound skeletons
  4 gnolls (D:4)
  8 adders
  A shadow imp (D:5)
  An ufetubus (D:5)
  An ooze (D:4)
  5 worms
  6 dart slugs
  3 leopard geckos
  24 orcs
  4 ball pythons
  5 giant cockroaches
  8 goblins
  12 hobgoblins
  15 jackals
  4 quokkas
  12 bats
  5 frilled lizards
  15 kobolds
  11 rats
165 creatures vanquished.

Vanquished Creatures (others)
  2 plants (D:6)
2 creatures vanquished.

Grand Total: 167 creatures vanquished

Notes
Turn   | Place    | Note
-------+----------+-------------------------------------------
     0 | D:1      | Almogavar the Merfolk Gladiator began the quest for the
                  | Orb.
     0 | D:1      | Reached XP level 1. HP: 16/16 MP: 1/1
    53 | D:1      | Reached XP level 2. HP: 7/22 MP: 2/2
   539 | D:1      | Reached XP level 3. HP: 27/27 MP: 3/3
   708 | D:1      | Reached skill level 5 in Polearms
   861 | D:2      | Reached skill level 5 in Dodging
   881 | D:2      | Found a radiant altar of Vehumet.
  1091 | D:2      | Noticed Natasha
  1106 | D:2      | Killed Natasha
  1107 | D:2      | Reached XP level 4. HP: 23/34 MP: 4/4
  1158 | D:2      | You fall into a shaft and drop 2 floors!
  1325 | D:3      | Reached XP level 5. HP: 33/39 MP: 5/5
  1513 | D:2      | Found a shadowy altar of Dithmenos.
  1513 | D:2      | Found a glowing silver altar of Zin.
  1513 | D:2      | Found a bloodstained altar of Trog.
  1759 | D:3      | Reached skill level 6 in Polearms
  1786 | D:3      | Reached skill level 1 in Stealth
  1942 | D:3      | Noticed Sigmund
  1981 | D:3      | Killed Sigmund
  1982 | D:3      | Reached skill level 7 in Polearms
  1982 | D:3      | Reached XP level 6. HP: 45/47 MP: 6/6
  2125 | D:3      | Noticed Grinder
  2157 | D:3      | Paralysed by Grinder for 6 turns
  2165 | D:3      | Killed Grinder
  2166 | D:3      | Reached skill level 8 in Polearms
  2166 | D:3      | Reached XP level 7. HP: 40/53 MP: 7/7
  2311 | D:3      | Found an opulent altar of Gozag.
  2445 | D:3      | Identified the cursed +3 great mace of Excruciating Pain
                  | {protect, *Drain rN+ Str+4 Dex+6}
  2446 | D:3      | Noticed Blebati's ghost (amateur HuWn)
  2447 | D:3      | Found a transporter.
  2451 | D:3      | Found a transporter.
  3009 | D:4      | Reached skill level 9 in Polearms
  3205 | D:4      | Reached XP level 8. HP: 48/61 MP: 8/8
  3422 | D:4      | Found a staircase to the Ecumenical Temple.
  3433 | Temple   | Entered the Ecumenical Temple
  3591 | Temple   | Became a worshipper of Nemelex Xobeh the Trickster
  3814 | D:5      | Entered Level 5 of the Dungeon
  3989 | D:5      | Reached skill level 5 in Fighting
  4004 | D:5      | Found a snail-covered altar of Cheibriados.
  4427 | D:6      | Reached skill level 10 in Polearms
  4487 | D:6      | Reached * piety under Nemelex Xobeh
  4499 | D:6      | Found Gadonyxo's Magic Scroll Emporium.
  4599 | D:6      | Reached skill level 1 in Shields
  4601 | D:6      | Received a gift from Nemelex Xobeh
  4772 | D:6      | Found Vorif's Assorted Antiques.
  4828 | D:6      | Found Qihy's Antique Armour Shoppe.
  5104 | D:6      | HP: 1/62 [orc warrior/+1 dire flail of protection (14)]
  5109 | D:6      | Mangled by an orc warrior

Illustrated notes

Levels and vault maps discovered:
D:1:      matt_arrival_grand_opening, layout_rooms, hex_intersection
D:2:      layout_basic, nicolae_overflow_crystal_walls,
          gammafunk_temple_overflow_claw, uniq_natasha
D:3:      layout_loops_corners, lemuel_round_altar, gammafunk_ghost_smash,
          dk_noncrumbling_4, uniq_grinder, uniq_sigmund
D:4:      cheibrodos_thug_alley, layout_loops_ring,
          minmay_temple_entry_proselytizer, grunt_decor_fettered
D:5:      layout_rooms, kennysheep_slug_shrine
D:6:      layout_basic, serial_shops, nicolae_shop_overgrown_old_shop,
          nicolae_shop_stone, shop_fountains
D:7:      layout_gridville, serial_shops, nicolae_shop_stone
Temple:   kb_corrupted_temple

Skill      XL: |  1  2  3  4  5  6  7  8 |
---------------+-------------------------+-----
Polearms       | 5 7 8 9 10 | 10.6
Dodging        | 5 6 7 |  7.0
Fighting       | 3 4 5 |  5.2
Stealth        | 1 2 3 |  3.8
Shields        | 1 |  1.3
Throwing       | |  2.1
Armour         | |  0.9

Action                   |  1- 3 |  4- 6 |  7- 9 || total
-------------------------+-------+-------+-------++-------
Melee: Trident           |   140 |   202 |   361 ||   703
  Use: Potion            |       |     3 |     2 ||     5
       Scroll            |       |       |     8 ||     8
 Stab: Sleeping          |     2 |     4 |     8 ||    14
       Distracted        |       |       |     1 ||     1
Armor: Leather armour    |    17 |       |       ||    17
       Robe              |    11 |    36 |    43 ||    90
Dodge: Dodged            |   114 |   146 |   169 ||   429
Block: Buckler           |       |       |    44 ||    44
